 Dungeon Crawl Stone Soup version 0.32-a0-450-g080537f31e (webtiles) character file.

Game seed: 7446198162230981267

6720 dialectric the Protected (level 11, 0/126 HPs)
             Began as a Coglin Berserker on Feb 23, 2024.
             Was a High Priest of Trog.
             Slain by an orc knight
             ... wielding a +0 trident
              (7 damage)
             ... in a bailey.
             The game lasted 00:12:42 (8737 turns).

dialectric the Protected (Coglin Berserker)         Turns: 8737, Time: 00:12:43

Health: 0/126      AC: 17    Str: 21    XL:     11   Next: 4%
Magic:  11/11      EV: 12    Int:  7    God:    Trog [*****.]
Gold:   344        SH:  5    Dex: 20    Spells: 10/10 levels left

rFire   . . .        C - +9 trident (freeze) {Nimrit}
rCold   . . .        a - +3 trident {Adela}
rNeg    . . .        y - +2 scale mail {Will+}
rPois   +            G - +2 hat
rElec   .            (no cloak)
rCorr   .            B - +1 pair of gloves
SInv    .            O - +0 pair of boots
Will    +....        s - amulet of reflection Stlth
                     q - +6 ring of dexterity
HPRegen 0.41/turn    n - ring of poison resistance
MPRegen 0.12/turn

%: random rage (3%), reflection
@: berserking, immotile, studying Armour, revved, very quick
A: off-hand wielding, slow wielding, warmup strikes, legs shutdown, horns 1,
berserk 1
a: Renounce Religion, Berserk, Trog's Hand, Brothers in Arms


You were in a bailey.
You worshipped Trog.
Trog was extremely pleased with you.
You visited 1 branch of the dungeon, and saw 10 of its levels.
You visited the Abyss 1 time.
You also visited: Bailey.

You collected 613 gold pieces.
You spent 269 gold pieces at shops.

Inventory:

Hand Weapons
 a - a +3 trident (offhand) {Adela}
 d - a +1 hand axe of distortion
 o - a +2 dagger of venom {Leticia}
 C - a +9 trident of freezing (weapon) {Nimrit}
 F - a +3 war axe
Missiles
 g - 20 poisoned darts (quivered)
 w - a throwing net
Armour
 y - a +2 scale mail of willpower (worn)
 B - a +1 pair of gloves (worn)
 D - a scarf of resistance
 E - a +0 plate armour
 G - a +2 hat (worn)
 O - a +0 pair of boots (worn)
Jewellery
 k - a ring of resist corrosion
 n - a ring of poison resistance (right grasper)
 q - a +6 ring of dexterity (left grasper)
 s - an amulet of reflection (around neck)
 L - a +4 ring of protection
 P - a ring of ice
Wands
 l - a wand of charming (16)
 v - a wand of mindburst (18)
 z - a wand of flame (11)
Scrolls
 b - a scroll of poison {unknown}
 c - a scroll of enchant armour {unknown}
 e - a scroll of blinking {unknown}
 f - 3 scrolls of vulnerability
 j - a scroll of teleportation
 p - a scroll of summoning {unknown}
 r - a scroll of fog {unknown}
 u - a scroll of acquirement {unknown}
 x - 2 scrolls of amnesia
 J - a scroll of identify
 M - a scroll of enchant weapon
Potions
 h - 4 potions of curing
 i - a potion of haste {unknown}
 m - 2 potions of heal wounds
 t - 2 potions of resistance
 A - a potion of mutation
 H - 2 potions of lignification {unknown}
 I - a potion of attraction
 K - 2 potions of enlightenment {unknown}
 N - 3 potions of brilliance {unknown}
 Q - 2 potions of magic {unknown}
 R - 3 potions of cancellation {unknown}
 S - a potion of experience
 T - a potion of invisibility {unknown}


   Skills:
 + Level 7.4 Fighting
 - Level 6.6 Short Blades
 - Level 6.2(7.5) Axes
 + Level 5.9(7.0) Polearms
 * Level 11.6 Armour
 - Level 3.0 Dodging


You had 10 spell levels left.
You didn't know any spells.
Your spell library was empty.

Dungeon Overview and Level Annotations

Branches:
Dungeon (10/15)            Temple (0/1) D:6          Bailey (1/1)
   Lair: D:8-11         Orc: D:9-12

Altars:
Ashenzari
Wu Jian
Zin

Shops:
D:7 [[(=*

Annotations:
D:5 2 transporters, Splishie's ghost, novice DrSh


Innate Abilities, Weirdness & Mutations

You can wield a second weapon in your off-hand.
It takes a long time for you to wield or remove held weapons.
Your first few attacks do less damage.
Attacking and casting redirects power from your legs.
You have a pair of small horns on your head.
You sometimes lose your temper in combat.


Message History

The orc warrior hits you but does no damage.
The orc knight hits you but does no damage.
Unknown command.
A red film seems to cover your vision as you go berserk!
You feel yourself moving faster!
You feel mighty! You block the orc warrior's attack.
The orc knight hits you but does no damage.
Unknown command.
You puncture the orc with your +3 trident!
You kill the orc!
Trog accepts your kill.
The orc knight hits you with a +0 trident!
You puncture the orc knight with your +3 trident!
Your headbutt misses the orc knight.
The orc knight is lightly wounded.
You barely miss the orc knight with your +9 trident of freezing.
You block the orc warrior's attack. The orc knight closely misses you.
Unknown command.
You closely miss the orc knight with your +3 trident.
The orc knight is lightly wounded.
You puncture the orc knight with your +9 trident of freezing!
You freeze the orc knight.
The orc knight hits you with a +0 trident!
* * * LOW HITPOINT WARNING * * *
The orc warrior closely misses you.
The orc knight hits you from afar with a +0 trident!!
* * * LOW HITPOINT WARNING * * *
You impale the orc knight with your +9 trident of freezing!!
You freeze the orc knight.
The orc knight is almost dead.
You hit the orc knight but do no damage.
Unknown command.
You puncture the orc knight with your +9 trident of freezing!
You freeze the orc knight.
You kill the orc knight!
Trog accepts your kill.
The orc warrior no longer looks unusually strong.
You block the orc warrior's attack.
The orc knight hits you from afar with a +0 trident!
You die...

###### #######
##.....#########.....##
'......o#@....#.......####
o....#.o))....'...##))#...
'.....ooo.....'....ß..'...
'....#..'.....'...##.)#...
'.......#.....#....)..####
##.....#########...).##
###### #######


You could see an orc knight (strong), 2 orc warriors and an orc (strong).

Vanquished Creatures
  Fannar (D:10)
  Pikel (D:5)
  An orc knight (Bailey)
  A gargoyle (D:8)
  A hornet (D:6)
  A wyvern (D:8)
  2 yaks (D:8)
  Eustachio (D:4)
  2 steam dragons (D:8)
  Duvessa (D:5)
  6 orc warriors
  A black bear (D:6)
  2 ice beasts
  An ogre (D:5)
  A centaur (D:7)
  A lemure (D:5)
  4 kobold brigands
  5 bullfrogs
  2 gnoll sergeants
  3 scorpions
  13 wights
  Dowan (D:5)
  4 electric eels
  5 howler monkeys (D:7)
  2 bombardier beetles (D:4)
  2 jellies (D:7)
  2 gnoll boudas
  2 hounds
  6 orc priests
  2 iguanas
  7 orc wizards
  4 sleepcaps
  17 gnolls
  9 adders
  A shadow imp (D:6)
  3 white imps
  2 ufetubi (D:6)
  3 dart slugs
  61 orcs
  3 ball pythons
  A bat (D:1)
  9 endoplasms
  4 giant cockroaches
  4 hobgoblins
  18 kobolds
  2 quokkas
  4 frilled lizards
  10 goblins
  8 rats
247 creatures vanquished.

Vanquished Creatures (others)
  A kobold (D:6)
1 creature vanquished.

Grand Total: 248 creatures vanquished

Notes
Turn   | Place    | Note
-------+----------+-------------------------------------------
     0 | D:1      | dialectric the Coglin Berserker began the quest for the
                  | Orb.
     0 | D:1      | Reached XP level 1. HP: 18/18 MP: 1/1
   259 | D:1      | Reached XP level 2. HP: 19/24 MP: 2/2
   304 | D:1      | Reached skill level 2 in Armour
   425 | D:1      | Found a faded altar of an unknown god.
   947 | D:2      | Reached XP level 3. HP: 22/29 MP: 3/3
   990 | D:2      | Found a glowing silver altar of Zin.
  1096 | D:2      | Reached XP level 4. HP: 16/35 MP: 4/4
  1200 | D:2      | Reached ** piety under Trog
  2122 | D:4      | Reached XP level 5. HP: 36/42 MP: 5/5
  2127 | D:4      | Reached skill level 1 in Short Blades
  2132 | D:4      | Reached skill level 3 in Armour
  2258 | D:4      | You fall into a shaft and drop 1 floor!
  2258 | D:5      | Entered Level 5 of the Dungeon
  2261 | D:5      | Noticed an ice beast
  2271 | D:5      | Killed an ice beast
  2272 | D:5      | Reached XP level 6. HP: 48/48 MP: 6/6
  2406 | D:5      | Found a transporter.
  2709 | D:5      | Reached XP level 7. HP: 46/55 MP: 7/7
  2710 | D:5      | Noticed Pikel
  2719 | D:5      | Killed Pikel
  2720 | D:5      | Reached skill level 5 in Fighting
  2720 | D:5      | Reached skill level 5 in Axes
  2720 | D:5      | Reached skill level 4 in Armour
  2720 | D:5      | Reached XP level 8. HP: 41/62 MP: 8/8
  2952 | D:5      | Noticed Duvessa
  2958 | D:5      | Noticed Dowan
  2963 | D:5      | Killed Duvessa
  2970 | D:5      | Killed Dowan
  3249 | D:5      | Found a transporter.
  3250 | D:5      | Noticed Splishie's ghost (novice DrSh)
  3660 | D:4      | Reached *** piety under Trog
  3887 | D:4      | Reached skill level 5 in Armour
  3935 | D:4      | Noticed Eustachio
  3941 | D:4      | Killed Eustachio
  4238 | D:6      | Found a staircase to the Ecumenical Temple.
  4346 | D:6      | Reached XP level 9. HP: 69/69 MP: 9/9
  4445 | D:6      | Reached skill level 1 in Polearms
  4496 | D:6      | Reached skill level 6 in Armour
  4536 | D:6      | Noticed a hornet
  4544 | D:6      | Killed a hornet
  4545 | D:6      | Reached skill level 5 in Short Blades
  5130 | D:6      | Reached skill level 7 in Armour
  5399 | D:7      | Found Qusoof's Jewellery Shop.
  5636 | D:7      | Found an ornate altar of the Wu Jian Council.
  5654 | D:7      | Reached skill level 8 in Armour
  5718 | D:7      | Found a broken altar of Ashenzari.
  5722 | D:7      | Saw a vision of the Swamp and the Spider Nest.
  5722 | D:7      | Noticed a thorn hunter
  5722 | D:7      | Noticed a broodmother
  5722 | D:7      | Noticed a torpor snail
  5722 | D:7      | Noticed a tarantella
  5722 | D:7      | Noticed a bloated husk
  5722 | D:7      | Noticed a demonic crawler
  5722 | D:7      | Noticed a radroach
  5723 | D:7      | Noticed a spark wasp
  5723 | D:7      | Noticed a tarantella
  5723 | D:7      | Noticed a tyrant leech
  5723 | D:7      | Noticed a goliath frog
  5723 | D:7      | Noticed a tyrant leech
  5723 | D:7      | Noticed a boulder beetle
  5724 | D:7      | Noticed a tarantella
  5726 | D:7      | Noticed a tyrant leech
  5847 | D:7      | Reached **** piety under Trog
  5958 | D:7      | Found Xainuedu's Antique Armour Boutique.
  6010 | D:7      | Reached XP level 10. HP: 76/76 MP: 10/10
  6086 | D:7      | Found Duos's Assorted Antiques.
  6095 | D:7      | Bought a bubbling brown potion for 23 gold pieces
  6325 | D:7      | Gained mutation: Your health recovers twice as slowly from
                  | being drained. [potion of mutation]
  6325 | D:7      | Gained mutation: Your spells are a little harder to cast,
                  | but a little more powerful. [potion of mutation]
  6327 | D:7      | Lost mutation: Your spells are a little harder to cast, but
                  | a little more powerful. [potion of mutation]
  6327 | D:7      | Lost mutation: Your health recovers twice as slowly from
                  | being drained. [potion of mutation]
  6327 | D:7      | Gained mutation: You have a pair of small horns on your
                  | head. [potion of mutation]
  6327 | D:7      | Gained mutation: You sometimes lose your temper in combat.
                  | [potion of mutation]
  6354 | D:7      | Found Fanujun's Weapon Emporium.
  6366 | D:7      | Found Folus's Armour Shoppe.
  6369 | D:7      | Bought a +2 hat for 192 gold pieces
  6773 | D:8      | Reached skill level 9 in Armour
  7062 | D:8      | Noticed a gargoyle
  7071 | D:8      | HP: 1/77 [gargoyle/+0 dire flail (6)]
  7309 | Abyss:1  | Cast into level 1 of the Abyss (orc)
  7386 | D:8      | Escaped the Abyss
  7421 | D:8      | Reached skill level 5 in Polearms
  7495 | D:8      | Killed a gargoyle
  7496 | D:8      | Reached skill level 10 in Armour
  8160 | D:9      | Reached ***** piety under Trog
  8281 | D:7      | Bought a +0 pair of boots for 54 gold pieces
  8366 | D:10     | Entered Level 10 of the Dungeon
  8502 | D:10     | Noticed Fannar
  8513 | D:10     | Killed Fannar
  8514 | D:10     | Reached skill level 11 in Armour
  8587 | D:10     | Found a flagged portal.
  8601 | D:10     | Reached XP level 11. HP: 79/84 MP: 11/11
  8621 | Bailey   | Entered a bailey
  8681 | Bailey   | Received a gift from Trog
  8719 | Bailey   | Noticed an orc knight
  8719 | Bailey   | Noticed an orc knight
  8735 | Bailey   | HP: 6/126 [orc knight/+0 trident (24)]
  8737 | Bailey   | Killed an orc knight
  8737 | Bailey   | Slain by an orc knight

Illustrated notes

Levels and vault maps discovered:
D:1:      dpeg_arrival_rooms_b, layout_loops_corners, basic_ecumenical_altar
D:2:      layout_basic, basic_altar, glass_columns_a
D:3:      wad_lake_hut, layout_loops_ring
D:4:      layout_basic, eino_small_chamber_without_monster, minmay_manual_moon,
          uniq_eustachio
D:5:      layout_gridville, gammafunk_ghost_stat_death,
          nicolae_figureground_sparkle, uniq_duvessa, uniq_pikel
D:6:      layout_loops_corners, minmay_temple_entry_junction,
          kennysheep_big_empty_room
D:7:      layout_loops_corners, grunt_ashenzari_visionary
          [grunt_ashenzari_visionary_swamp, grunt_ashenzari_visionary_spider],
          mainiacjoe_overflow_small_starburst, serial_shops,
          nicolae_shop_tiny_glass, nicolae_shop_tiny_real_fake_doors,
          nicolae_shop_tiny_real_fake_doors, kennysheep_mini_moat,
          nicolae_lakefront_shop, nicolae_tricolors
D:8:      minmay_thinvault, layout_loops_cross
D:9:      layout_loops_corners, hellmonk_sif_muna_bookshelves,
          gammafunk_temple_overflow_pools, hiddenorc1_lemuel, uniq_maggie
D:10:     layout_basic, david_lair_shrubbed, enter_bailey_5, uniq_fannar
Bailey:   bailey_polearm_5, bailey

Skill      XL: |  1  2  3  4  5  6  7  8  9 10 |
---------------+-------------------------------+-----
Armour         | 2 3 4 5 8 11 | 11.6
Dodging        | 2 3 |  3.0
Short Blades   | 1 2 3 4 6 |  6.6
Axes           | 4 5 6 |  6.2
Fighting       | 4 5 6 7 |  7.4
Polearms       | 4 5 |  5.9

Action                     |  1- 3 |  4- 6 |  7- 9 | 10-12 || total
---------------------------+-------+-------+-------+-------++-------
  Melee: Hand axe          |    50 |    80 |    92 |       ||   222
         Dagger            |    43 |    75 |   159 |    53 ||   330
         Trident           |       |       |   112 |   292 ||   404
         Headbutt          |       |       |       |    23 ||    23
  Throw: Dart              |     6 |       |     2 |       ||     8
 Invoke: Berserk           |     1 |     3 |     8 |     2 ||    14
  Evoke: Wand              |       |       |       |     1 ||     1
    Use: Scroll            |       |     4 |     2 |    10 ||    16
         Potion            |       |       |       |     4 ||     4
   Stab: Sleeping          |     1 |     2 |       |       ||     3
 Armour: Animal skin       |    24 |    19 |       |       ||    43
         Ring mail         |       |    30 |    21 |       ||    51
         Scale mail        |       |       |    76 |    98 ||   174
  Dodge: Dodged            |    37 |    38 |    75 |    73 ||   223
  Block: Other             |       |       |    18 |    33 ||    51
         Reflection        |       |       |     2 |     1 ||     3

Table legend: (Time is in decaauts)
 A = Elapsed time spent in this place.
 B = Non-inter-level travel time spent in this place.
 C = Inter-level travel time spent in this place.
 D = Time resting spent in this place.
 E = Time spent auto-exploring this place.
 F = Levels seen in this place.
 G = Mean time per level.
                   A        B        C        D        E       F      G
               +--------+--------+--------+--------+--------+-----+--------+
         Total |   8932 |   8508 |    424 |    320 |   6440 |  12 |  744.3 |
       Dungeon |   8742 |   8318 |    424 |    320 |   6396 |  10 |  874.2 |
         Abyss |     77 |     77 |      0 |      0 |      0 |   1 |   77.0 |
        Bailey |    112 |    112 |      0 |      0 |     44 |   1 |  112.0 |
               +--------+--------+--------+--------+--------+-----+--------+

Top non-repeatable levels by time:
     D:8: 1306 daAuts
     D:5: 1302 daAuts
     D:7: 1261 daAuts
     D:6: 1194 daAuts
     D:4: 857 daAuts
     D:1: 845 daAuts
     D:3: 756 daAuts
     D:2: 567 daAuts
     D:9: 381 daAuts
    D:10: 269 daAuts
  Bailey: 112 daAuts
 Abyss:1: 77 daAuts
